 Dungeon Crawl Stone Soup version 0.29.1-2-gbd0b4ee654 (webtiles) character file.

Game seed: 10168716750197969175

49 Firos the Poker (level 3, -1/33 HPs)
             Began as a Hill Orc Monk on Nov 8, 2022.
             Slain by a crimson imp (3 damage)
             ... summoned by Natasha
             ... on level 2 of the Dungeon.
             The game lasted 00:01:50 (1686 turns).

Firos the Poker (Hill Orc Monk)                     Turns: 1686, Time: 00:01:50

Health: -1/33      AC:  6    Str: 15    XL:     3   Next: 77%
Magic:  3/3        EV: 11    Int: 10    God:
Gold:   98         SH:  0    Dex: 13    Spells: 2/2 levels left

rFire   . . .      SeeInvis .   a - +0 spear
rCold   . . .      Faith    .   (no shield)
rNeg    . . .      Spirit   .   d - +0 ring mail
rPois   .          Reflect  .   e - +0 helmet
rElec   .          Harm     .   (no cloak)
rCorr   .          Rampage  .   (no gloves)
Will    .....                   (no boots)
Stlth   +.........              (no amulet)
HPRegen 0.11/turn               (no ring)
MPRegen 0.08/turn               (no ring)

@: no status effects
A: no striking features
a: no special abilities


You were on level 2 of the Dungeon.
You visited 1 branch of the dungeon, and saw 2 of its levels.

You collected 98 gold pieces.

Inventory:

Hand Weapons
 a - a +0 spear (weapon)
Armour
 d - a +0 ring mail (worn)
 e - a +0 helmet (worn)
Jewellery
 j - a ring of fire
Wands
 l - a wand of roots (7)
Scrolls
 b - a scroll of teleportation {unknown}
 h - a scroll of fear {unknown}
 i - a scroll of amnesia {unknown}
 k - a scroll of noise {unknown}
Potions
 c - a potion of ambrosia
 f - 2 potions of flight
 g - 2 potions of lignification
 m - a potion of heal wounds {unknown}
 n - a potion of haste {unknown}
 o - a potion of degeneration {unknown}


   Skills:
 + Level 4.1 Fighting
 * Level 4.3 Polearms
 + Level 1.5 Armour
 - Level 2.4 Dodging
 - Level 1.5 Stealth


You had 2 spell levels left.
You didn't know any spells.
Your spell library contained the following spells:

 Spells                   Type           Power      Damage    Failure   Level
 Blink                    Tloc           0%         N/A       73%         2
 Lesser Beckoning         Tloc           0%         N/A       91%         3
 Manifold Assault         Tloc           0%         N/A       100%        5


Dungeon Overview and Level Annotations

Branches:
Dungeon (2/15)

Altars:

Annotations:
D:2 Natasha


Message History

Natasha is heavily wounded.
Natasha claws you.
* * * LOW HITPOINT WARNING * * *
You closely miss Natasha.
Natasha is heavily wounded.
You barely miss Natasha.
Natasha is heavily wounded.
Natasha extends her claws.
Natasha stares at you and mumbles some strange words.
The magic dart hits you.
* * * LOW HITPOINT WARNING * * *
You barely miss Natasha.
Natasha is heavily wounded.
Natasha barely misses you.
You hit Natasha.
Natasha is heavily wounded.
Natasha closely misses you.
You barely miss Natasha.
Natasha is heavily wounded.
Natasha barely misses you.
You closely miss Natasha.
Natasha is heavily wounded.
Natasha misses you.
Okay, then.
You hit Natasha.
Natasha is heavily wounded.
Natasha closely misses you.
You hit Natasha but do no damage.
Natasha is heavily wounded.
Natasha casts a spell.
You hit Natasha.
Natasha is severely wounded.
Natasha barely misses you.
You closely miss Natasha.
Natasha is severely wounded.
Natasha claws you but does no damage.
You hit Natasha.
Natasha is severely wounded.
The crimson imp hits you.
You die...

#........................
#.#..#..#..##...#####.#..
##.#..#..#..###..# # .
#................#
#...........##...
##....#..##.##..
#....#..##.# .#
#....#..##.##...##
#....#....@h......
#....#...##5#....#
.............. ...
##....#..###...# #
#....#..# ..... #... #..#
...... #.. #..# ...#..#
#.. #... .......


You could see Natasha and a crimson imp (summoned).

Vanquished Creatures
  Natasha (D:2)
  A worm (D:2)
  4 ball pythons (D:1)
  2 endoplasms (D:1)
  2 goblins (D:1)
  4 jackals (D:1)
  3 bats (D:1)
  2 frilled lizards
  A kobold (D:2)
  3 rats
23 creatures vanquished.

Notes
Turn   | Place    | Note
-------+----------+-------------------------------------------
     0 | D:1      | Firos the Hill Orc Monk began the quest for the Orb.
     0 | D:1      | Reached XP level 1. HP: 19/19 MP: 1/1
     2 | D:1      | Noticed an ogre
     2 | D:1      | Noticed a gargoyle
     4 | D:1      | Noticed a merfolk
     4 | D:1      | Noticed a demigod
     6 | D:1      | Noticed an elf
     6 | D:1      | Noticed a palentonga
     8 | D:1      | Noticed a minotaur
     8 | D:1      | Noticed a vine stalker
    10 | D:1      | Noticed an octopode
    10 | D:1      | Noticed a draconian
    12 | D:1      | Noticed a naga
    14 | D:1      | Noticed a spriggan
    14 | D:1      | Noticed a demonspawn
    16 | D:1      | Noticed a ghoul
    16 | D:1      | Noticed a formicid
    18 | D:1      | Noticed a felid
    20 | D:1      | Noticed a human
    20 | D:1      | Noticed a vampire
    22 | D:1      | Noticed a meteoran
    24 | D:1      | Noticed a troll
    24 | D:1      | Noticed a tengu
    26 | D:1      | Noticed a vine stalker
    26 | D:1      | Noticed a vine stalker
    75 | D:1      | Reached XP level 2. HP: 8/27 MP: 2/2
   512 | D:1      | Found a faded altar of an unknown god.
   636 | D:1      | Reached skill level 1 in Armour
  1326 | D:2      | Noticed Natasha
  1338 | D:2      | HP: 1/40 [Natasha (4)]
  1345 | D:2      | Killed Natasha
  1346 | D:2      | Reached XP level 3. HP: 3/33 MP: 3/3
  1667 | D:2      | Noticed Natasha
  1677 | D:2      | HP: 1/33 [Natasha/magic dart (3)]
  1686 | D:2      | Slain by a crimson imp

Illustrated notes

Levels and vault maps discovered:
D:1:      kb_arrival_jail, layout_basic, chequers_ecumenical_altar_simple_redux
D:2:      layout_basic, serial_shops, nicolae_shop_statue_plus, uniq_natasha

Skill      XL: |  1  2 |
---------------+-------+-----
Armour         | 1 |  1.5
Fighting       | 4 |  4.1
Polearms       | 4 |  4.3
Dodging        | |  2.4
Stealth        | |  1.5

Action                   || total
-------------------------++-------
Melee: Spear             ||   115
       Punch             ||     2
  Use: Potion            ||     2
 Stab: Sleeping          ||     4
Armor: Robe              ||     8
       Ring mail         ||    25
       Skin              ||     6
Dodge: Dodged            ||    44
